 Dungeon Crawl Stone Soup version 0.29.0-4-gdea44cf6ec (webtiles) character file.

Game seed: 18282968346811012293

311 qw the Chopper (level 6, -1/51 HPs)
             Began as a Ghoul Summoner on Sept 9, 2022.
             Constricted to death by Ijyb (5 damage)
             ... on level 3 of the Dungeon.
             The game lasted 00:01:56 (4708 turns).

qw the Chopper (Ghoul Summoner)                     Turns: 4708, Time: 00:01:56

Health: -1/51      AC:  8    Str: 14    XL:     6   Next: 42%
Magic:  7/7        EV:  3    Int: 10    God:
Gold:   96         SH:  0    Dex:  9    Spells: 7/8 levels left

rFire   . . .      SeeInvis .   Y - +0 hand axe
rCold   + . .      Faith    .   (no shield)
rNeg    + + +      Spirit   .   c - +0 chain mail
rPois   inf        Reflect  .   (no helmet)
rElec   .          Harm     .   (no cloak)
rCorr   +          Rampage  .   (no gloves)
Will    .....                   (no boots)
Stlth   ..........              j - amulet of the acrobat
HPRegen 0.00/turn               h - ring of resist corrosion
MPRegen 0.10/turn               (no ring)

@: grasped by roots, inhibited regen, constricted
A: claws 1, cold resistance 1, negative energy resistance 3, inhibited
regeneration, torment resistance 2, devour on kill
a: no special abilities


You were on level 3 of the Dungeon.
You visited 1 branch of the dungeon, and saw 3 of its levels.
You also visited: Sewer.

You collected 96 gold pieces.


Innate Abilities, Weirdness & Mutations

You are immune to poison.
You have sharp fingernails.
Your flesh is cold resistant. (rC+)
You are immune to negative energy. (rN+++)
You do not regenerate when monsters are visible.
You are immune to unholy pain and torment.
You thrive by killing the living.


   Skills:
 - Level 3.1 Fighting
 + Level 4.4 Axes
 - Level 1.0 Throwing
 - Level 1.0 Armour
 - Level 1.7 Dodging
 - Level 2.1 Stealth
 - Level 1.7 Spellcasting
 - Level 3.6 Summonings


You had 7 spell levels left.
You knew the following spells:

 Your Spells              Type           Power      Damage    Failure   Level
a - Summon Small Mammal   Summ           32%        N/A       91%         1

Your spell library contained the following spells:

 Spells                   Type           Power      Damage    Failure   Level
 Call Imp                 Summ           8%         N/A       97%         2
 Call Canine Familiar     Summ           8%         N/A       99%         3
 Summon Guardian Golem    Hex/Summ       4%         N/A       100%        3
 Summon Lightning Spire   Summ/Air       4%         N/A       100%        4

Inventory:

Hand Weapons
 e - a +0 whip
 Y - a +0 hand axe (weapon)
Armour
 b - a +2 ring mail of fire resistance
 c - a +0 chain mail (worn)
Jewellery
 h - a ring of resist corrosion (left claw)
 j - an amulet of the acrobat (around neck)
 l - an amulet of guardian spirit
Scrolls
 g - a scroll of identify
Potions
 d - a potion of attraction {unknown}
 f - a potion of haste {unknown}
 i - a potion of curing

Dungeon Overview and Level Annotations

Branches:
Dungeon (3/15)              Sewer (visited)

Altars:
Hepliaklqana

Shops:
D:1 [

Annotations:
D:3 Ijyb


Message History

Ijyb is moderately wounded.
Ijyb hits you with a +0 dagger. The grasping roots constrict you.
You closely miss Ijyb.
Ijyb is moderately wounded.
Ijyb hits you but does no damage. The grasping roots constrict you.
The grasping roots release their grip on you.
You hit Ijyb but do no damage.
Ijyb is moderately wounded.
Ijyb hits you but does no damage.
You hit Ijyb.
Ijyb is moderately wounded.
Ijyb zaps a wand.
The roots erupt in riotous growth!
The grasping roots grab you!
Ijyb is unaffected.
The grasping roots constrict you.
You hit Ijyb.
Ijyb is heavily wounded.
Ijyb hits you with a +0 dagger. The grasping roots constrict you.
You barely miss Ijyb.
Ijyb is heavily wounded.
Ijyb hits you but does no damage. The grasping roots constrict you.
The grasping roots release their grip on you.
You hit Ijyb.
Ijyb is heavily wounded.
Ijyb hits you but does no damage.
You hit Ijyb but do no damage.
Ijyb is heavily wounded.
Ijyb zaps a wand.
The roots erupt in riotous growth!
The grasping roots grab you!
Ijyb is unaffected.
The grasping roots constrict you.
You closely miss Ijyb.
Ijyb is heavily wounded.
Ijyb hits you but does no damage. The grasping roots constrict you.
You barely miss Ijyb.
Ijyb is heavily wounded.
Ijyb completely misses you. The grasping roots constrict you.
You closely miss Ijyb.
Ijyb is heavily wounded.
Ijyb hits you but does no damage. The grasping roots constrict you.
Ijyb barely misses you. The grasping roots constrict you.
You die...

##..)##.#.......#
##.#.#.####.#.####
#.......#.....#
###.#.####...##
##.......##...#
#.#.#.#.#:#...#
#.......^"#...#####
[##.#####.#####.......##
.(....g@..).)...........
##.#####.##..........%##
........#...######
#.P.P#...#...# #
#...#.#..P...# #
#...P¤P#.....# #
##...¤.¤#...## #
..P#¤_P./... #


You could see Ijyb.

Vanquished Creatures
  2 bullfrogs (Sewer)
  9 adders
  3 worms (D:2)
  5 dart slugs
  3 endoplasms
  13 giant cockroaches
  6 goblins
  4 hobgoblins
  3 jackals (D:3)
  6 quokkas
  4 ball pythons
  7 bats
  8 frilled lizards (Sewer)
  5 kobolds
  3 rats
81 creatures vanquished.

Vanquished Creatures (collateral kills)
  A giant cockroach (D:1)
  A goblin (D:1)
  A kobold (D:1)
  A rat (D:1)
4 creatures vanquished.

Vanquished Creatures (others)
  6 plants (D:3)
6 creatures vanquished.

Grand Total: 91 creatures vanquished

Notes
Turn   | Place    | Note
-------+----------+-------------------------------------------
     0 | D:1      | qw the Ghoul Summoner began the quest for the Orb.
     0 | D:1      | Reached XP level 1. HP: 14/14 MP: 2/2
     0 | D:1      | 0 ||| qw: Version: 0.1-a-113-g051387a
     0 | D:1      | 0 ||| qw: Game counter: 7243
     0 | D:1      | 0 ||| qw: Always use a shield: true
     0 | D:1      | 0 ||| qw: God list: Okawaru
     0 | D:1      | 0 ||| qw: Allow faded altars: false
     0 | D:1      | 0 ||| qw: Do Orc after D:15 true
     0 | D:1      | 0 ||| qw: Do second Lair branch before Depths: true
     0 | D:1      | 0 ||| qw: Lair rune preference: random
     0 | D:1      | 0 ||| qw: Plans: Normal
     0 | D:1      | 0 ||| PLANNING D:1-11
     2 | D:1      | 2 ||| Wielding weapon +0 short sword.
    34 | D:1      | 34 ||| CASTING Summon Small Mammal
    35 | D:1      | 35 ||| CASTING Summon Small Mammal
    74 | D:1      | 74 ||| CASTING Summon Small Mammal
    75 | D:1      | 75 ||| CASTING Summon Small Mammal
   122 | D:1      | 122 ||| CASTING Summon Small Mammal
   123 | D:1      | 123 ||| CASTING Summon Small Mammal
   157 | D:1      | 157 ||| CASTING Summon Small Mammal
   158 | D:1      | 158 ||| CASTING Summon Small Mammal
   162 | D:1      | 162 ||| Stepping ~*~*~tactically~*~*~ (stealth).
   169 | D:1      | 169 ||| CASTING Summon Small Mammal
   172 | D:1      | Reached skill level 1 in Axes
   181 | D:1      | 181 ||| CASTING Summon Small Mammal
   338 | D:1      | 338 ||| CASTING Summon Small Mammal
   339 | D:1      | 339 ||| CASTING Summon Small Mammal
   350 | D:1      | 350 ||| CASTING Summon Small Mammal
   479 | D:1      | 479 ||| CASTING Summon Small Mammal
   480 | D:1      | 480 ||| CASTING Summon Small Mammal
   488 | D:1      | Reached XP level 2. HP: 22/22 MP: 0/3
   534 | D:1      | 534 ||| CASTING Summon Small Mammal
   535 | D:1      | 535 ||| CASTING Summon Small Mammal
   536 | D:1      | 536 ||| CASTING Summon Small Mammal
   546 | D:1      | 546 ||| CASTING Summon Small Mammal
   551 | D:1      | HP: 1/22 [kobold/+0 whip (5)]
   553 | D:1      | Reached skill level 1 in Fighting
   857 | D:1      | 857 ||| SWAPPING to +0 whip.
   858 | D:1      | 858 ||| DROPPING +0 short sword.
   886 | D:1      | 886 ||| CASTING Summon Small Mammal
   887 | D:1      | 887 ||| CASTING Summon Small Mammal
   888 | D:1      | 888 ||| CASTING Summon Small Mammal
   898 | D:1      | 898 ||| CASTING Summon Small Mammal
  1037 | D:1      | Found Xytuff's Armour Shop.
  1129 | D:1      | 1129 ||| CASTING Summon Small Mammal
  1130 | D:1      | 1130 ||| CASTING Summon Small Mammal
  1131 | D:1      | 1131 ||| CASTING Summon Small Mammal
  1140 | D:1      | 1140 ||| Stepping ~*~*~tactically~*~*~ (outnumbered).
  1141 | D:1      | 1141 ||| CASTING Summon Small Mammal
  1142 | D:1      | 1142 ||| Stepping ~*~*~tactically~*~*~ (outnumbered).
  1190 | D:1      | 1190 ||| SHOPLISTING +0 pair of boots (49 gold, have 24).
  1190 | D:1      | 1190 ||| SHOPLISTING +1 cloak (126 gold, have 24).
  1190 | D:1      | 1190 ||| SHOPLISTING +2 pair of boots (181 gold, have 24).
  1190 | D:1      | 1190 ||| SHOPLISTING +2 plate armour of poison resistance
                  | (407 gold, have 24).
  1200 | D:1      | Found a faded altar of an unknown god.
  1202 | D:1      | 1202 ||| CASTING Summon Small Mammal
  1203 | D:1      | 1203 ||| CASTING Summon Small Mammal
  1204 | D:1      | 1204 ||| CASTING Summon Small Mammal
  1327 | D:1      | 1327 ||| CASTING Summon Small Mammal
  1328 | D:1      | 1328 ||| CASTING Summon Small Mammal
  1329 | D:1      | 1329 ||| CASTING Summon Small Mammal
  1464 | D:1      | 1464 ||| CASTING Summon Small Mammal
  1465 | D:1      | 1465 ||| CASTING Summon Small Mammal
  1466 | D:1      | 1466 ||| CASTING Summon Small Mammal
  1681 | D:1      | 1681 ||| CASTING Summon Small Mammal
  1682 | D:1      | 1682 ||| CASTING Summon Small Mammal
  1683 | D:1      | 1683 ||| CASTING Summon Small Mammal
  1783 | D:1      | 1783 ||| UPGRADING to +0 chain mail.
  1793 | D:1      | 1793 ||| DROPPING +0 robe.
  1794 | D:1      | 1794 ||| DROPPING ring of wizardry.
  1795 | D:1      | 1795 ||| UPGRADING to ring of resist corrosion.
  1796 | D:1      | 1796 ||| READING 2 scrolls labelled QIASOVVOKO.
  1797 | D:1      | 1797 ||| DROPPING potion of magic.
  2104 | D:2      | Reached skill level 2 in Axes
  2104 | D:2      | Reached XP level 3. HP: 28/28 MP: 4/4
  2123 | D:2      | 2123 ||| Stepping ~*~*~tactically~*~*~ (stealth).
  2132 | D:2      | 2132 ||| Stepping ~*~*~tactically~*~*~ (stealth).
  2315 | D:2      | 2315 ||| Stepping ~*~*~tactically~*~*~ (stealth).
  2455 | D:2      | 2455 ||| STAIRDANCE
  2667 | D:1      | 2667 ||| READING 2 scrolls labelled HEMEGU CIDE.
  2668 | D:1      | 2668 ||| READING scroll labelled KET OLESISEA.
  2672 | D:1      | 2672 ||| DROPPING scroll of magic mapping.
  2742 | D:2      | 2742 ||| SWAPPING to +0 hand axe.
  2795 | D:2      | 2795 ||| Stepping ~*~*~tactically~*~*~ (stealth).
  2877 | D:2      | 2877 ||| Stepping ~*~*~tactically~*~*~ (stealth).
  2878 | D:2      | 2878 ||| Stepping ~*~*~tactically~*~*~ (stealth).
  2879 | D:2      | 2879 ||| Stepping ~*~*~tactically~*~*~ (stealth).
  2880 | D:2      | 2880 ||| Stepping ~*~*~tactically~*~*~ (stealth).
  2881 | D:2      | 2881 ||| Stepping ~*~*~tactically~*~*~ (stealth).
  3128 | D:2      | Reached XP level 4. HP: 35/36 MP: 5/5
  3384 | D:2      | 3384 ||| UPGRADING to amulet of the acrobat.
  3389 | D:2      | 3389 ||| READING scroll labelled WYFOZI NUIN.
  3390 | D:2      | 3390 ||| READING scroll labelled DAARPH ROISKEOR.
  3391 | D:2      | 3391 ||| DRINKING 2 inky potions.
  3392 | D:2      | 3392 ||| DRINKING 2 golden potions.
  3393 | D:2      | 3393 ||| DROPPING potion of brilliance.
  3414 | D:3      | 3414 ||| PLANNING SEWER
  3451 | D:3      | Found a hazy altar of Hepliaklqana.
  3456 | D:3      | Identified the +8 dagger "Bihakic" {freeze, Drain rPois
                  | Dex+8}
  3485 | D:3      | 3485 ||| Stepping ~*~*~tactically~*~*~ (stealth).
  3508 | D:3      | Found a glowing drain.
  3509 | D:3      | 3509 ||| READING scroll labelled YNINIU SIGGUSY.
  3512 | D:3      | 3512 ||| Stepping ~*~*~tactically~*~*~ (stealth).
  3513 | D:3      | 3513 ||| Stepping ~*~*~tactically~*~*~ (stealth).
  3517 | D:3      | 3517 ||| Stepping ~*~*~tactically~*~*~ (stealth).
  3519 | D:3      | 3519 ||| Stepping ~*~*~tactically~*~*~ (stealth).
  3526 | D:3      | Reached skill level 3 in Axes
  3752 | D:3      | Reached skill level 1 in Armour
  3763 | D:3      | Reached skill level 1 in Throwing
  3763 | D:3      | Reached XP level 5. HP: 36/41 MP: 6/6
  3808 | Sewer    | Entered a sewer
  3917 | Sewer    | 3917 ||| Stepping ~*~*~tactically~*~*~ (water).
  4156 | Sewer    | Reached skill level 4 in Axes
  4156 | Sewer    | Reached XP level 6. HP: 14/48 MP: 7/7
  4158 | Sewer    | HP: 7/48 [bullfrog (7)]
  4161 | Sewer    | Reached skill level 3 in Fighting
  4615 | Sewer    | 4615 ||| READING scroll labelled ABROHUESAH.
  4635 | D:3      | 4635 ||| PLANNING D:1-11
  4666 | D:3      | 4666 ||| Stepping ~*~*~tactically~*~*~ (stealth).
  4670 | D:3      | Noticed Ijyb
  4706 | D:3      | HP: 12/51 [constriction (2)]
  4708 | D:3      | HP: 4/51 [constriction (4)]
  4708 | D:3      | Constricted to death by Ijyb

Levels and vault maps discovered:
D:1:      ncdulo_halloftheorcs, layout_loops_corners,
          dreamdust_ecumenical_altar_statues, serial_shops,
          nicolae_shop_waterfront, corexii_corridor_pit
D:2:      layout_basic
D:3:      minmay_spotlight, layout_loops_cross,
          nicolae_hepliaklqana_hazy_memory, serial_shops,
          nicolae_shop_behind_doors, gup_sewer_entry_glass, uniq_ijyb

Skill      XL: |  1  2  3  4  5  6 |
---------------+-------------------+-----
Axes           | 1 2 3 4 |  4.4
Fighting       | 1 2 3 |  3.1
Armour         | 1 |  1.0
Throwing       | 1 |  1.0
Dodging        | |  1.7
Stealth        | |  2.1
Spellcasting   | |  1.7
Summonings     | |  3.6

Action                   |  1- 3 |  4- 6 || total
-------------------------+-------+-------++-------
Melee: Short sword       |    37 |       ||    37
       Whip              |    77 |       ||    77
       Hand axe          |    22 |   204 ||   226
       Punch             |       |     1 ||     1
Throw: Javelin           |    21 |    24 ||    45
 Cast: Summon Small Mamm |    37 |       ||    37
  Use: Scroll            |     3 |     4 ||     7
       Potion            |       |     2 ||     2
 Stab: Distracted        |     2 |       ||     2
Armor: Robe              |    11 |       ||    11
       Chain mail        |    81 |   139 ||   220
Dodge: Dodged            |    77 |    77 ||   154

Table legend:
 A = Non-vault XP
 B = Vault XP
 C = Vault XP percentage of total XP
 D = Non-vault monster count
 E = Vault monster count
 F = Vault count percentage of total count
                 A         B        C        D         E       F
            +---------+---------+-------+---------+---------+-------
      Total |     125 |     320 |  71.9 |      46 |      39 |  45.9
            +---------+---------+-------+---------+---------+-------
        D:1 |      23 |       0 |   0.0 |      15 |       0 |   0.0
        D:2 |      74 |       0 |   0.0 |      22 |       0 |   0.0
        D:3 |      28 |      58 |  67.4 |       9 |      11 |  55.0
      Sewer |       0 |     262 | 100.0 |       0 |      28 | 100.0
            +---------+---------+-------+---------+---------+-------
